Sharks vs Wild

Created - December-11-14 at 17:46

Goals
1 2 3 T
Sharks 2 1 2 5
Wild 1 0 1 2
Shots
1 2 3 T
Sharks 11 9 12 32
Wild 6 17 7 30

1st period

1. Sharks , Tyler Bozak 12 (Jannik Hansen) at 13:39 (PP)
2. Wild , Daniel Alfredsson 14 (Mikko Koivu, Mark Streit) at 14:07
3. Sharks , Joe Corvo 1 (Cory Sarich, Chris Butler) at 17:58

Penalties :
Mark Streit (MIN) for Fighting (Major) at 1:42, Chris Butler (SJS) for Fighting (Major) at 1:42, Chris Conner (MIN) for Tripping (Minor) at 2:13, Cory Sarich (SJS) for Hooking (Minor) at 5:11, Robert Bortuzzo (SJS) for Tripping (Minor) at 5:46, Erik Cole (MIN) for Elbowing (Minor) at 12:06, Bobby Ryan (MIN) for Slashing (Minor) at 15:25, Tomas Jurco (SJS) for Elbowing (Minor) at 15:25, Bobby Ryan (MIN) for Charging (Minor) at 18:26

2nd period

4. Sharks , Nick Bjugstad 5 (Vyacheslav Voynov, Kyle Quincey) at 5:32

Penalties :
Michael Stone (MIN) for Hooking (Minor) at 7:35, Erik Cole (MIN) for Holding (Minor) at 11:37, Kyle Quincey (SJS) for Slashing (Minor) at 16:27, Vyacheslav Voynov (SJS) for Interference (Minor) at 16:55, Kyle Quincey (SJS) for Slashing (Minor) at 19:12

3rd period

5. Wild , Daniel Alfredsson 15 (Fedor Tyutin, John-Michael Liles) at 0:45 (PP)
6. Sharks , Rich Peverley 7 (Chris Butler, Matt Beleskey) at 15:57 (PP)
7. Sharks , Tyler Bozak 13 (Vyacheslav Voynov, Kyle Quincey) at 19:16

Penalties :
Vyacheslav Voynov (SJS) for Interference (Minor) at 2:43, John-Michael Liles (MIN) for Cross-checking (Minor) at 6:14, John-Michael Liles (MIN) for Hooking (Minor) at 14:31

Goalie Stats

Jonas Hiller (SJS), 28 saves from 30 shots - (0.933), W, 8-8-4, 60:00 minutes
Josh Harding (MIN), 27 saves from 32 shots - (0.844), L, 12-12-0, 60:00 minutes

Players Stats for Sharks

Player Name              G  A  P  +/- PIM S  H  SB GA TA FO     MP     PP MP  PK MP  
------------------------------------------------------------------------------------
Andrew Shaw              0  0  0   2  0   4  0  1  0  0  2/5    22:34   7:32   1:50 
Chris Butler             0  2  2   1  5   1  0  0  0  0  0/0    20:43   4:07   2:39 
Cory Sarich              0  1  1   1  2   1  1  0  0  0  0/0    21:45   5:16   2:23 
Drew Stafford            0  0  0   1  0   3  0  0  0  0  1/4    20:26   5:22   3:32 
Jannik Hansen            0  1  1   1  0   0  0  0  0  0  0/1    20:05   7:32   2:26 
Joe Corvo                1  0  1   1  0   3  0  0  0  0  0/0     8:41   1:09   3:53 
Jordan Leopold           0  0  0   0  0   0  0  0  0  0  0/0     0:00   0:00   0:00 
Justin Falk              0  0  0   0  0   0  0  1  0  0  0/0     1:15   0:00   1:15 
Kyle Quincey             0  2  2   2  4   4  1  0  0  0  0/0    24:38   7:38   2:28 
Martin Havlat            0  0  0  -1  0   1  0  0  0  0  0/0    12:25   0:00   0:00 
Matt Beleskey            0  1  1   1  0   1  4  1  0  0  0/1    18:19   5:22   0:00 
Michael Kostka           0  0  0  -1  0   0  0  0  0  0  0/0    11:03   0:00   1:10 
Nick Bjugstad            1  0  1   1  0   2  0  0  0  0  6/12   11:32   0:00   0:00 
Rich Peverley            1  0  1  -1  0   4  0  0  0  0  15/35  22:03   5:22   3:42 
Robert Bortuzzo          0  0  0  -1  2   2  4  0  0  0  0/0    10:26   0:00   0:00 
Tomas Jurco              0  0  0  -1  2   1  1  0  0  0  0/0    12:24   0:00   0:00 
Tyler Bozak              2  0  2   2  0   3  2  0  0  0  20/30  24:35   7:32   2:26 
Vyacheslav Voynov        0  2  2   2  4   2  2  0  0  0  0/0    25:01   7:38   2:07 

Players Stats for Wild

Player Name              G  A  P  +/- PIM S  H  SB GA TA FO     MP     PP MP  PK MP  
------------------------------------------------------------------------------------
Adam Hall                0  0  0   0  0   0  0  0  0  0  4/10    6:51   0:04   6:47 
Bobby Ryan               0  0  0  -1  4   6  2  1  0  0  9/21   22:44   3:38   4:49 
Chris Conner             0  0  0  -2  2   0  2  0  0  0  0/1     8:31   0:04   0:50 
Chris Phillips           0  0  0   0  0   0  2  0  0  0  0/0    16:26   0:00   6:30 
Daniel Alfredsson        2  0  2   1  0   5  1  0  0  0  0/0    23:02   4:16   2:39 
Erik Cole                0  0  0  -2  4   2  2  0  0  0  8/9    17:36   4:20   4:36 
Fedor Tyutin             0  1  1  -2  0   1  0  2  0  0  0/0    20:49   3:24   1:37 
John-Michael Liles       0  1  1   0  4   0  0  0  0  0  0/0    18:35   3:24   4:22 
Marco Scandella          0  0  0  -2  0   2  0  3  0  0  0/0    21:16   0:40   6:24 
Marian Gaborik           0  0  0  -1  0   5  0  0  0  0  0/1    19:01   3:38   0:00 
Mark Streit              0  1  1   0  5   1  0  3  0  0  0/0    17:42   3:54   0:25 
Michael Ryder            0  0  0   1  0   1  3  0  0  0  0/0    18:50   3:38   0:00 
Michael Stone            0  0  0   0  2   4  4  2  0  0  0/0    18:38   4:34   0:00 
Mikko Koivu              0  1  1   1  0   2  0  0  0  0  16/27  15:12   0:00   0:00 
Milan Michalek           0  0  0  -1  0   0  2  0  0  0  1/4    19:30   4:16   0:00 
Pierre-Marc Bouchard     0  0  0  -2  0   1  0  0  0  0  6/15   13:45   0:00   6:07 
Rob Scuderi              0  0  0   0  0   0  0  0  0  0  0/0     6:30   0:00   6:30 
Rostislav Klesla         0  0  0   0  0   0  0  0  0  0  0/0     0:00   0:00   0:00 

3 Stars

1 - Tyler Bozak (SJS)
2 - Daniel Alfredsson (MIN)
3 - Matt Beleskey (SJS)

Power Play

Sharks - 2 on 7 Attempt(s) - 28.57%
Wild - 1 on 6 Attempt(s) - 16.67%

Penalty Kill

Sharks - 5 on 6 Attempt(s) - 83.33% - Score 0 goal in Penalty Kill
Wild - 5 on 7 Attempt(s) - 71.43% - Score 0 goal in Penalty Kill

Team Stat

Sharks - Hits : 15 - Faceoff Wins : 44 - Blocked Shots : 3 - Penalty Minutes : 19
Wild - Hits : 18 - Faceoff Wins : 44 - Blocked Shots : 11 - Penalty Minutes : 21

Official

Referees : Dan O'Halloran and TJ Luxmore
Linesman : Mark Wheler and Steve Barton

Game Notes

Mark Streit beats up Chris Butler at 1:42 of 1st period

Finance

Level 1 -- Attendance: 5718 (87.97%) -- Ticket Income $571,800
Level 2 -- Attendance: 4860 (97.20%) -- Ticket Income $291,600
Level 3 -- Attendance: 3359 (95.97%) -- Ticket Income $117,565
Level 4 -- Attendance: 2064 (100.00%) -- Ticket Income $41,280
Luxury Box -- Attendance: 1000 (100.00%) -- Ticket Income $200,000
Game was played at the Xcel Energy Center'
Total Attendance: 17001 (94.12%)
Total Ticket Income: $1,222,245
Other Income: $183,337
Total Income: $1,405,582

% Time on Ice - Sharks

Lines # - Real PCT - Wanted PCT - Time Play
Normal Forward
1 - 26% - 30% - 9:33
2 - 31% - 30% - 11:32
3 - 33% - 25% - 12:25
4 - 10% - 15% - 3:39
Normal Defense
1 - 35% - 40% - 13:09
2 - 38% - 35% - 14:07
3 - 27% - 25% - 9:53
4 - 0% - 0% - 0:00
PP Forward
1 - 58% - 50% - 7:32
2 - 42% - 50% - 5:22
PP Defense
1 - 59% - 60% - 7:38
2 - 41% - 40% - 5:16
PK Forward
1 - 59% - 55% - 3:32
2 - 41% - 45% - 2:26
PK Defense
1 - 55% - 55% - 3:18
2 - 45% - 45% - 2:40
PK3 Forward
1 - 92% - 60% - 1:50
2 - 8% - 40% - 0:10
PK3 Defense
1 - 76% - 60% - 1:31
2 - 24% - 40% - 0:29
44 Forward
1 - 29% - 55% - 0:34
2 - 71% - 45% - 1:25
44 Defense
1 - 71% - 55% - 1:25
2 - 29% - 45% - 0:34
Last Minute Offensive  - 0:00
Last Minute Defensive  - 0:00
Total
Forward - 60:00
Defense - 60:00

% Time on Ice - Wild

Lines # - Real PCT - Wanted PCT - Time Play
Normal Forward
1 - 41% - 42% - 15:12
2 - 39% - 42% - 14:19
3 - 21% - 11% - 7:38
4 - 0% - 5% - 0:00
Normal Defense
1 - 38% - 40% - 14:12
2 - 35% - 30% - 13:01
3 - 27% - 25% - 9:56
4 - 0% - 5% - 0:00
PP Forward
1 - 54% - 52% - 4:20
2 - 46% - 48% - 3:38
PP Defense
1 - 57% - 50% - 4:34
2 - 43% - 50% - 3:24
PK Forward
1 - 48% - 50% - 6:12
2 - 52% - 50% - 6:42
PK Defense
1 - 50% - 50% - 6:30
2 - 50% - 50% - 6:24
PK3 Forward
1 - 0% - 50%
2 - 0% - 50%
PK3 Defense
1 - 0% - 50%
2 - 0% - 50%
44 Forward
1 - 54% - 50% - 1:04
2 - 46% - 50% - 0:55
44 Defense
1 - 54% - 48% - 1:04
2 - 46% - 52% - 0:55
Last Minute Offensive  - 0:00
Last Minute Defensive  - 0:00
Total
Forward - 60:00
Defense - 60:00

Play by Play

1st period


0:01 of 1st period - Mikko Koivu wins face-off versus Tyler Bozak in neutral zone.
0:27 of 1st period - Fedor Tyutin is hit by Vyacheslav Voynov and loses puck.
1:35 of 1st period - Shot by Marian Gaborik.
1:35 of 1st period - Shot Hit the Post.
1:42 of 1st period - Mark Streit beats up Chris Butler.
1:42 of 1st period - Penalty to Mark Streit for Fighting.
1:42 of 1st period - Penalty to Chris Butler for Fighting.
1:43 of 1st period - Pierre-Marc Bouchard wins face-off versus Rich Peverley in Sharks zone.
1:44 of 1st period - Shot by John-Michael Liles.
1:44 of 1st period - Shot Misses the Net.
2:04 of 1st period - Shot by John-Michael Liles.
2:04 of 1st period - Shot Misses the Net.
2:13 of 1st period - Minor Penalty to Chris Conner for Tripping.
2:14 of 1st period - Rich Peverley wins face-off versus Adam Hall in Wild zone.
2:15 of 1st period - Shot by Cory Sarich.
2:15 of 1st period - Shot Misses the Net.
2:28 of 1st period - Shot by Joe Corvo.
2:28 of 1st period - Shot Misses the Net.
3:18 of 1st period - Shot by Tyler Bozak.
3:18 of 1st period - Shot Misses the Net.
3:24 of 1st period - Shot by Kyle Quincey.
3:24 of 1st period - Stopped by Josh Harding without a rebound.
3:25 of 1st period - Tyler Bozak wins face-off versus Adam Hall in Wild zone.
3:28 of 1st period - Shot by Joe Corvo.
3:28 of 1st period - Shot Misses the Net.
3:46 of 1st period - Shot by Andrew Shaw.
3:46 of 1st period - Stopped by Josh Harding without a rebound.
3:47 of 1st period - Pierre-Marc Bouchard wins face-off versus Drew Stafford in Wild zone.
3:58 of 1st period - Shot by Kyle Quincey.
3:58 of 1st period - Shot Blocked by Marco Scandella.
4:00 of 1st period - Shot by Matt Beleskey.
4:00 of 1st period - Shot Misses the Net.
4:02 of 1st period - Shot by Rich Peverley.
4:02 of 1st period - Stopped by Josh Harding without a rebound.
4:03 of 1st period - Adam Hall wins face-off versus Rich Peverley in Wild zone.
4:12 of 1st period - Shot by Kyle Quincey.
4:12 of 1st period - Stopped by Josh Harding without a rebound.
4:13 of 1st period - Nick Bjugstad wins face-off versus Bobby Ryan in Wild zone.
4:26 of 1st period - Shot by Marian Gaborik.
4:26 of 1st period - Shot Misses the Net.
4:28 of 1st period - Shot by Marco Scandella.
4:28 of 1st period - Stopped by Jonas Hiller without a rebound.
4:29 of 1st period - Tyler Bozak wins face-off versus Mikko Koivu in Sharks zone.
5:10 of 1st period - Shot by Mikko Koivu.
5:10 of 1st period - Shot Misses the Net.
5:11 of 1st period - Minor Penalty to Cory Sarich for Hooking.
5:12 of 1st period - Bobby Ryan wins face-off versus Nick Bjugstad in Sharks zone.
5:46 of 1st period - Minor Penalty to Robert Bortuzzo for Tripping.
5:47 of 1st period - Rich Peverley wins face-off versus Milan Michalek in Sharks zone.
6:18 of 1st period - Shot by Michael Stone.
6:18 of 1st period - Shot Misses the Net.
6:20 of 1st period - Shot by Daniel Alfredsson.
6:20 of 1st period - Shot Misses the Net.
6:52 of 1st period - Shot by Bobby Ryan.
6:52 of 1st period - Stopped by Jonas Hiller without a rebound.
6:53 of 1st period - Andrew Shaw wins face-off versus Bobby Ryan in Sharks zone.
7:15 of 1st period - Icing by Mark Streit.
7:16 of 1st period - Bobby Ryan wins face-off versus Rich Peverley in Wild zone.
7:25 of 1st period - Shot by Bobby Ryan.
7:25 of 1st period - Stopped by Jonas Hiller without a rebound.
7:26 of 1st period - Rich Peverley wins face-off versus Erik Cole in Sharks zone.
8:13 of 1st period - Shot by Andrew Shaw.
8:13 of 1st period - Stopped by Josh Harding with a rebound.
8:17 of 1st period - Shot by Tyler Bozak.
8:17 of 1st period - Deflect By Joe Corvo.
8:17 of 1st period - Stopped by Josh Harding without a rebound.
8:18 of 1st period - Mikko Koivu wins face-off versus Rich Peverley in Wild zone.
8:18 of 1st period - Daniel Alfredsson is hit by Tomas Jurco and loses puck.
8:25 of 1st period - Shot by Tomas Jurco.
8:25 of 1st period - Stopped by Josh Harding without a rebound.
8:26 of 1st period - Rich Peverley wins face-off versus Bobby Ryan in Wild zone.
8:58 of 1st period - Martin Havlat is hit by Bobby Ryan and loses puck.
9:57 of 1st period - Icing by Fedor Tyutin.
9:58 of 1st period - Tyler Bozak wins face-off versus Mikko Koivu in Wild zone.
10:23 of 1st period - Andrew Shaw is hit by Michael Ryder and loses puck.
11:00 of 1st period - Shot by John-Michael Liles.
11:00 of 1st period - Shot Blocked by Matt Beleskey.
11:02 of 1st period - Shot by Erik Cole.
11:02 of 1st period - Stopped by Jonas Hiller without a rebound.
11:03 of 1st period - Nick Bjugstad wins face-off versus Bobby Ryan in Sharks zone.
11:03 of 1st period - Nick Bjugstad is hit by Milan Michalek.
11:29 of 1st period - Shot by Nick Bjugstad.
11:29 of 1st period - Stopped by Josh Harding with a rebound.
12:01 of 1st period - Shot by Pierre-Marc Bouchard.
12:01 of 1st period - Shot Misses the Net.
12:06 of 1st period - Minor Penalty to Erik Cole for Elbowing.
12:07 of 1st period - Tyler Bozak wins face-off versus Adam Hall in Wild zone.
13:39 of 1st period - Shot by Tyler Bozak.
13:39 of 1st period - Goal by Tyler Bozak - Sharks : 1 - Wild : 0.
13:40 of 1st period - Rich Peverley wins face-off versus Mikko Koivu in neutral zone.
13:47 of 1st period - Daniel Alfredsson is hit by Robert Bortuzzo and loses puck.
14:05 of 1st period - Mikko Koivu is hit by Robert Bortuzzo.
14:07 of 1st period - Shot by Daniel Alfredsson.
14:07 of 1st period - Goal by Daniel Alfredsson - Sharks : 1 - Wild : 1.
14:08 of 1st period - Tyler Bozak wins face-off versus Bobby Ryan in neutral zone.
14:26 of 1st period - Shot by Marian Gaborik.
14:26 of 1st period - Stopped by Jonas Hiller without a rebound.
14:27 of 1st period - Mikko Koivu wins face-off versus Rich Peverley in Sharks zone.
15:25 of 1st period - Minor Penalty to Bobby Ryan for Slashing.
15:25 of 1st period - Minor Penalty to Tomas Jurco for Elbowing.
15:26 of 1st period - Erik Cole wins face-off versus Tyler Bozak in neutral zone.
16:03 of 1st period - Shot by Tyler Bozak.
16:03 of 1st period - Shot Misses the Net.
16:05 of 1st period - Shot by Vyacheslav Voynov.
16:05 of 1st period - Stopped by Josh Harding without a rebound.
16:06 of 1st period - Milan Michalek wins face-off versus Rich Peverley in Wild zone.
16:42 of 1st period - Icing by Fedor Tyutin.
16:43 of 1st period - Tyler Bozak wins face-off versus Milan Michalek in Wild zone.
17:58 of 1st period - Shot by Joe Corvo.
17:58 of 1st period - Goal by Joe Corvo - Sharks : 2 - Wild : 1.
17:59 of 1st period - Bobby Ryan wins face-off versus Rich Peverley in neutral zone.
18:15 of 1st period - Shot by Bobby Ryan.
18:15 of 1st period - Shot Misses the Net.
18:26 of 1st period - Minor Penalty to Bobby Ryan for Charging.
18:27 of 1st period - Tyler Bozak wins face-off versus Pierre-Marc Bouchard in Wild zone.
Goals for this period are 2 for Sharks vs 1 for Wild.
Shots for this period are 11 for Sharks vs 6 for Wild.

2nd period


0:01 of 2nd period - Rich Peverley wins face-off versus Pierre-Marc Bouchard in neutral zone.
0:27 of 2nd period - Rich Peverley is hit by Milan Michalek and loses puck.
0:36 of 2nd period - Shot by Tyler Bozak.
0:36 of 2nd period - Stopped by Josh Harding without a rebound.
0:37 of 2nd period - Bobby Ryan wins face-off versus Andrew Shaw in Wild zone.
1:02 of 2nd period - Tyler Bozak is hit by Michael Stone.
1:07 of 2nd period - Icing by Mark Streit.
1:08 of 2nd period - Nick Bjugstad wins face-off versus Marian Gaborik in Wild zone.
2:12 of 2nd period - Shot by Mikko Koivu.
2:12 of 2nd period - Stopped by Jonas Hiller with a rebound.
2:14 of 2nd period - Shot by Marco Scandella.
2:14 of 2nd period - Stopped by Jonas Hiller without a rebound.
2:15 of 2nd period - Rich Peverley wins face-off versus Pierre-Marc Bouchard in Sharks zone.
2:15 of 2nd period - Robert Bortuzzo is hit by Chris Conner and loses puck.
2:37 of 2nd period - Shot by Pierre-Marc Bouchard.
2:37 of 2nd period - Stopped by Jonas Hiller without a rebound.
2:38 of 2nd period - Tyler Bozak wins face-off versus Milan Michalek in Sharks zone.
2:50 of 2nd period - Icing by Tyler Bozak.
2:51 of 2nd period - Mikko Koivu wins face-off versus Tyler Bozak in Sharks zone.
2:52 of 2nd period - Shot by Fedor Tyutin.
2:52 of 2nd period - Shot Misses the Net.
3:13 of 2nd period - Icing by Fedor Tyutin.
3:14 of 2nd period - Nick Bjugstad wins face-off versus Mikko Koivu in Wild zone.
3:31 of 2nd period - Shot by Nick Bjugstad.
3:31 of 2nd period - Shot Misses the Net.
3:33 of 2nd period - Shot by Vyacheslav Voynov.
3:33 of 2nd period - Stopped by Josh Harding with a rebound.
4:01 of 2nd period - Icing by Marco Scandella.
4:02 of 2nd period - Tyler Bozak wins face-off versus Mikko Koivu in Wild zone.
4:03 of 2nd period - Shot by Chris Butler.
4:03 of 2nd period - Stopped by Josh Harding without a rebound.
4:04 of 2nd period - Bobby Ryan wins face-off versus Tyler Bozak in Wild zone.
4:49 of 2nd period - Icing by Bobby Ryan.
4:50 of 2nd period - Nick Bjugstad wins face-off versus Bobby Ryan in Wild zone.
5:21 of 2nd period - Chris Conner is hit by Matt Beleskey and loses puck.
5:32 of 2nd period - Shot by Nick Bjugstad.
5:32 of 2nd period - Goal by Nick Bjugstad - Sharks : 3 - Wild : 1.
5:33 of 2nd period - Rich Peverley wins face-off versus Mikko Koivu in neutral zone.
5:33 of 2nd period - Robert Bortuzzo is hit by Daniel Alfredsson and loses puck.
5:37 of 2nd period - Off-side.
5:38 of 2nd period - Mikko Koivu wins face-off versus Tyler Bozak in neutral zone.
6:01 of 2nd period - Icing by Fedor Tyutin.
6:02 of 2nd period - Mikko Koivu wins face-off versus Rich Peverley in Wild zone.
6:52 of 2nd period - Shot by Bobby Ryan.
6:52 of 2nd period - Stopped by Jonas Hiller with a rebound.
6:54 of 2nd period - Shot by Milan Michalek.
6:54 of 2nd period - Deflect By Bobby Ryan.
6:54 of 2nd period - Shot Misses the Net.
7:11 of 2nd period - Icing by Kyle Quincey.
7:12 of 2nd period - Pierre-Marc Bouchard wins face-off versus Rich Peverley in Sharks zone.
7:15 of 2nd period - Shot by Erik Cole.
7:15 of 2nd period - Stopped by Jonas Hiller without a rebound.
7:16 of 2nd period - Tyler Bozak wins face-off versus Pierre-Marc Bouchard in Sharks zone.
7:16 of 2nd period - Tyler Bozak is hit by Erik Cole.
7:22 of 2nd period - Shot by Andrew Shaw.
7:22 of 2nd period - Stopped by Josh Harding with a rebound.
7:34 of 2nd period - Shot by Tyler Bozak.
7:34 of 2nd period - Shot Misses the Net.
7:35 of 2nd period - Minor Penalty to Michael Stone for Hooking.
7:36 of 2nd period - Adam Hall wins face-off versus Tyler Bozak in Wild zone.
7:36 of 2nd period - Adam Hall is hit by Tyler Bozak.
7:54 of 2nd period - Shot by Cory Sarich.
7:54 of 2nd period - Stopped by Josh Harding with a rebound.
8:37 of 2nd period - Shot by Kyle Quincey.
8:37 of 2nd period - Stopped by Josh Harding with a rebound.
8:39 of 2nd period - Shot by Kyle Quincey.
8:39 of 2nd period - Shot Misses the Net.
8:43 of 2nd period - Shot by Rich Peverley.
8:43 of 2nd period - Deflect By Drew Stafford.
8:43 of 2nd period - Stopped by Josh Harding without a rebound.
8:44 of 2nd period - Tyler Bozak wins face-off versus Pierre-Marc Bouchard in Wild zone.
9:29 of 2nd period - Drew Stafford is hit by Erik Cole and loses puck.
9:39 of 2nd period - Nick Bjugstad is hit by Michael Stone and loses puck.
9:43 of 2nd period - Icing by Michael Stone.
9:44 of 2nd period - Mikko Koivu wins face-off versus Rich Peverley in Wild zone.
10:17 of 2nd period - Shot by Rich Peverley.
10:17 of 2nd period - Shot Blocked by Mark Streit.
11:30 of 2nd period - Tyler Bozak is hit by Chris Conner and loses puck.
11:37 of 2nd period - Minor Penalty to Erik Cole for Holding.
11:38 of 2nd period - Tyler Bozak wins face-off versus Adam Hall in Wild zone.
11:59 of 2nd period - Shot by Cory Sarich.
11:59 of 2nd period - Shot Misses the Net.
12:58 of 2nd period - Icing by Vyacheslav Voynov.
12:59 of 2nd period - Adam Hall wins face-off versus Rich Peverley in Sharks zone.
13:09 of 2nd period - Icing by Matt Beleskey.
13:10 of 2nd period - Pierre-Marc Bouchard wins face-off versus Rich Peverley in Sharks zone.
13:20 of 2nd period - Drew Stafford is hit by Chris Phillips and loses puck.
13:25 of 2nd period - Shot by Rich Peverley.
13:25 of 2nd period - Shot Blocked by Bobby Ryan.
14:21 of 2nd period - Icing by Mark Streit.
14:22 of 2nd period - Mikko Koivu wins face-off versus Rich Peverley in Wild zone.
14:43 of 2nd period - Shot by Bobby Ryan.
14:43 of 2nd period - Stopped by Jonas Hiller without a rebound.
14:44 of 2nd period - Bobby Ryan wins face-off versus Nick Bjugstad in Sharks zone.
14:57 of 2nd period - Shot by Bobby Ryan.
14:57 of 2nd period - Deflect By Marian Gaborik.
14:57 of 2nd period - Stopped by Jonas Hiller without a rebound.
14:58 of 2nd period - Rich Peverley wins face-off versus Pierre-Marc Bouchard in Sharks zone.
15:13 of 2nd period - Shot by Rich Peverley.
15:13 of 2nd period - Stopped by Josh Harding with a rebound.
16:21 of 2nd period - Shot by Marian Gaborik.
16:21 of 2nd period - Stopped by Jonas Hiller without a rebound.
16:22 of 2nd period - Mikko Koivu wins face-off versus Tyler Bozak in Sharks zone.
16:26 of 2nd period - Mikko Koivu is hit by Kyle Quincey.
16:27 of 2nd period - Minor Penalty to Kyle Quincey for Slashing.
16:28 of 2nd period - Erik Cole wins face-off versus Jannik Hansen in Sharks zone.
16:55 of 2nd period - Minor Penalty to Vyacheslav Voynov for Interference.
16:56 of 2nd period - Andrew Shaw wins face-off versus Bobby Ryan in Sharks zone.
17:28 of 2nd period - Shot by Bobby Ryan.
17:28 of 2nd period - Stopped by Jonas Hiller without a rebound.
17:29 of 2nd period - Erik Cole wins face-off versus Andrew Shaw in Sharks zone.
17:34 of 2nd period - Shot by Michael Stone.
17:34 of 2nd period - Stopped by Jonas Hiller without a rebound.
17:35 of 2nd period - Erik Cole wins face-off versus Andrew Shaw in Sharks zone.
17:38 of 2nd period - Shot by Mark Streit.
17:38 of 2nd period - Shot Blocked by Justin Falk.
17:56 of 2nd period - Shot by Michael Stone.
17:56 of 2nd period - Shot Blocked by Andrew Shaw.
17:58 of 2nd period - Shot by Michael Stone.
17:58 of 2nd period - Stopped by Jonas Hiller with a rebound.
18:00 of 2nd period - Shot by Michael Stone.
18:00 of 2nd period - Stopped by Jonas Hiller with a rebound.
18:04 of 2nd period - Shot by Daniel Alfredsson.
18:04 of 2nd period - Shot Misses the Net.
18:08 of 2nd period - Shot by Milan Michalek.
18:08 of 2nd period - Shot Misses the Net.
18:10 of 2nd period - Shot by Michael Stone.
18:10 of 2nd period - Deflect By Daniel Alfredsson.
18:10 of 2nd period - Stopped by Jonas Hiller without a rebound.
18:11 of 2nd period - Rich Peverley wins face-off versus Bobby Ryan in Sharks zone.
18:36 of 2nd period - Shot by Fedor Tyutin.
18:36 of 2nd period - Stopped by Jonas Hiller with a rebound.
18:40 of 2nd period - Shot by Bobby Ryan.
18:40 of 2nd period - Stopped by Jonas Hiller without a rebound.
18:41 of 2nd period - Erik Cole wins face-off versus Rich Peverley in Sharks zone.
18:54 of 2nd period - Shot by Daniel Alfredsson.
18:54 of 2nd period - Stopped by Jonas Hiller without a rebound.
18:55 of 2nd period - Mikko Koivu wins face-off versus Nick Bjugstad in Sharks zone.
19:11 of 2nd period - Mikko Koivu is hit by Vyacheslav Voynov and loses puck.
19:12 of 2nd period - Minor Penalty to Kyle Quincey for Slashing.
19:13 of 2nd period - Rich Peverley wins face-off versus Bobby Ryan in Sharks zone.
19:19 of 2nd period - Icing by Marian Gaborik.
19:20 of 2nd period - Rich Peverley wins face-off versus Bobby Ryan in Wild zone.
19:27 of 2nd period - Shot by Rich Peverley.
19:27 of 2nd period - Shot Blocked by Mark Streit.
19:29 of 2nd period - Shot by Drew Stafford.
19:29 of 2nd period - Shot Misses the Net.
19:59 of 2nd period - Shot by Michael Stone.
19:59 of 2nd period - Stopped by Jonas Hiller without a rebound.
Goals for this period are 1 for Sharks vs 0 for Wild.
Shots for this period are 9 for Sharks vs 17 for Wild.

3rd period


0:01 of 3rd period - Erik Cole wins face-off versus Rich Peverley in neutral zone.
0:45 of 3rd period - Shot by Daniel Alfredsson.
0:45 of 3rd period - Goal by Daniel Alfredsson - Sharks : 3 - Wild : 2.
0:46 of 3rd period - Bobby Ryan wins face-off versus Drew Stafford in neutral zone.
0:46 of 3rd period - Michael Stone is hit by Matt Beleskey and loses puck.
0:51 of 3rd period - Nick Bjugstad is hit by Bobby Ryan and loses puck.
1:02 of 3rd period - Shot by Marian Gaborik.
1:02 of 3rd period - Stopped by Jonas Hiller without a rebound.
1:03 of 3rd period - Tyler Bozak wins face-off versus Mikko Koivu in Sharks zone.
1:09 of 3rd period - Off-side.
1:10 of 3rd period - Pierre-Marc Bouchard wins face-off versus Tyler Bozak in neutral zone.
1:22 of 3rd period - Off-side.
1:23 of 3rd period - Mikko Koivu wins face-off versus Nick Bjugstad in neutral zone.
1:52 of 3rd period - Shot by Drew Stafford.
1:52 of 3rd period - Stopped by Josh Harding with a rebound.
1:54 of 3rd period - Shot by Cory Sarich.
1:54 of 3rd period - Shot Misses the Net.
2:24 of 3rd period - Shot by Tyler Bozak.
2:24 of 3rd period - Shot Misses the Net.
2:42 of 3rd period - Shot by Milan Michalek.
2:42 of 3rd period - Shot Misses the Net.
2:43 of 3rd period - Minor Penalty to Vyacheslav Voynov for Interference.
2:44 of 3rd period - Erik Cole wins face-off versus Rich Peverley in Sharks zone.
3:30 of 3rd period - Icing by Erik Cole.
3:31 of 3rd period - Erik Cole wins face-off versus Tyler Bozak in Wild zone.
3:43 of 3rd period - Erik Cole is hit by Tyler Bozak.
4:17 of 3rd period - Shot by Marian Gaborik.
4:17 of 3rd period - Stopped by Jonas Hiller with a rebound.
4:44 of 3rd period - Shot by Rich Peverley.
4:44 of 3rd period - Stopped by Josh Harding without a rebound.
4:45 of 3rd period - Tyler Bozak wins face-off versus Chris Conner in Wild zone.
5:20 of 3rd period - Shot by Andrew Shaw.
5:20 of 3rd period - Stopped by Josh Harding without a rebound.
5:21 of 3rd period - Bobby Ryan wins face-off versus Rich Peverley in Wild zone.
5:47 of 3rd period - Tomas Jurco is hit by Michael Stone and loses puck.
6:01 of 3rd period - Icing by Rich Peverley.
6:02 of 3rd period - Rich Peverley wins face-off versus Mikko Koivu in Sharks zone.
6:02 of 3rd period - Cory Sarich is hit by Michael Ryder and loses puck.
6:14 of 3rd period - Minor Penalty to John-Michael Liles for Cross-checking.
6:15 of 3rd period - Tyler Bozak wins face-off versus Adam Hall in Wild zone.
6:16 of 3rd period - Shot by Kyle Quincey.
6:16 of 3rd period - Shot Blocked by Fedor Tyutin.
6:24 of 3rd period - Shot by Vyacheslav Voynov.
6:24 of 3rd period - Shot Misses the Net.
6:26 of 3rd period - Shot by Vyacheslav Voynov.
6:26 of 3rd period - Shot Misses the Net.
6:28 of 3rd period - Shot by Andrew Shaw.
6:28 of 3rd period - Shot Blocked by Marco Scandella.
7:51 of 3rd period - Icing by Jannik Hansen.
7:52 of 3rd period - Tyler Bozak wins face-off versus Pierre-Marc Bouchard in Sharks zone.
7:59 of 3rd period - Shot by Kyle Quincey.
7:59 of 3rd period - Shot Blocked by Marco Scandella.
8:01 of 3rd period - Shot by Kyle Quincey.
8:01 of 3rd period - Stopped by Josh Harding without a rebound.
8:02 of 3rd period - Adam Hall wins face-off versus Rich Peverley in Wild zone.
8:24 of 3rd period - Shot by Michael Ryder.
8:24 of 3rd period - Stopped by Jonas Hiller without a rebound.
8:25 of 3rd period - Mikko Koivu wins face-off versus Matt Beleskey in Sharks zone.
8:29 of 3rd period - Mikko Koivu is hit by Robert Bortuzzo and loses puck.
8:48 of 3rd period - Marco Scandella is hit by Matt Beleskey.
9:09 of 3rd period - Icing by Marco Scandella.
9:10 of 3rd period - Tyler Bozak wins face-off versus Mikko Koivu in Wild zone.
10:29 of 3rd period - Shot by Rich Peverley.
10:29 of 3rd period - Shot Misses the Net.
10:49 of 3rd period - Shot by Tomas Jurco.
10:49 of 3rd period - Deflect By Martin Havlat.
10:49 of 3rd period - Stopped by Josh Harding without a rebound.
10:50 of 3rd period - Nick Bjugstad wins face-off versus Pierre-Marc Bouchard in Wild zone.
11:11 of 3rd period - Shot by Michael Stone.
11:11 of 3rd period - Shot Misses the Net.
11:13 of 3rd period - Shot by Mark Streit.
11:13 of 3rd period - Stopped by Jonas Hiller without a rebound.
11:14 of 3rd period - Rich Peverley wins face-off versus Mikko Koivu in Sharks zone.
11:16 of 3rd period - Martin Havlat is hit by Michael Ryder.
11:56 of 3rd period - Shot by Mikko Koivu.
11:56 of 3rd period - Stopped by Jonas Hiller without a rebound.
11:57 of 3rd period - Pierre-Marc Bouchard wins face-off versus Tyler Bozak in Sharks zone.
12:39 of 3rd period - Shot by Jannik Hansen.
12:39 of 3rd period - Shot Blocked by Michael Stone.
12:41 of 3rd period - Shot by Vyacheslav Voynov.
12:41 of 3rd period - Shot Blocked by Michael Stone.
13:01 of 3rd period - John-Michael Liles is hit by Matt Beleskey and loses puck.
13:20 of 3rd period - Shot by Michael Kostka.
13:20 of 3rd period - Shot Misses the Net.
13:22 of 3rd period - Shot by Robert Bortuzzo.
13:22 of 3rd period - Stopped by Josh Harding with a rebound.
13:24 of 3rd period - Shot by Robert Bortuzzo.
13:24 of 3rd period - Stopped by Josh Harding without a rebound.
13:25 of 3rd period - Mikko Koivu wins face-off versus Rich Peverley in Wild zone.
13:34 of 3rd period - Marco Scandella is hit by Cory Sarich and loses puck.
13:44 of 3rd period - Icing by Cory Sarich.
13:45 of 3rd period - Bobby Ryan wins face-off versus Rich Peverley in Sharks zone.
14:10 of 3rd period - Shot by Bobby Ryan.
14:10 of 3rd period - Shot Misses the Net.
14:31 of 3rd period - Minor Penalty to John-Michael Liles for Hooking.
14:32 of 3rd period - Tyler Bozak wins face-off versus Adam Hall in Wild zone.
14:32 of 3rd period - Vyacheslav Voynov is hit by Chris Phillips.
15:47 of 3rd period - Shot by Matt Beleskey.
15:47 of 3rd period - Stopped by Josh Harding without a rebound.
15:48 of 3rd period - Rich Peverley wins face-off versus Pierre-Marc Bouchard in Wild zone.
15:57 of 3rd period - Shot by Chris Butler.
15:57 of 3rd period - Deflect By Rich Peverley.
15:57 of 3rd period - Goal by Rich Peverley - Sharks : 4 - Wild : 2.
15:58 of 3rd period - Mikko Koivu wins face-off versus Nick Bjugstad in neutral zone.
16:00 of 3rd period - Mark Streit is hit by Robert Bortuzzo and loses puck.
16:23 of 3rd period - Shot by Matt Beleskey.
16:23 of 3rd period - Shot Blocked by Mark Streit.
16:25 of 3rd period - Shot by Robert Bortuzzo.
16:25 of 3rd period - Shot Misses the Net.
16:27 of 3rd period - Shot by Drew Stafford.
16:27 of 3rd period - Stopped by Josh Harding with a rebound.
16:34 of 3rd period - Nick Bjugstad is hit by Michael Stone and loses puck.
16:44 of 3rd period - Off-side.
16:45 of 3rd period - Tyler Bozak wins face-off versus Bobby Ryan in neutral zone.
17:11 of 3rd period - Shot by Joe Corvo.
17:11 of 3rd period - Stopped by Josh Harding with a rebound.
17:13 of 3rd period - Shot by Vyacheslav Voynov.
17:13 of 3rd period - Shot Blocked by Fedor Tyutin.
17:29 of 3rd period - Shot by Andrew Shaw.
17:29 of 3rd period - Shot Misses the Net.
18:41 of 3rd period - Off-side.
18:42 of 3rd period - Mikko Koivu wins face-off versus Nick Bjugstad in neutral zone.
18:52 of 3rd period - Icing by Robert Bortuzzo.
18:53 of 3rd period - Mikko Koivu wins face-off versus Drew Stafford in Sharks zone.
19:04 of 3rd period - Shot by Mikko Koivu.
19:04 of 3rd period - Deflect By Daniel Alfredsson.
19:04 of 3rd period - Stopped by Jonas Hiller without a rebound.
19:05 of 3rd period - Tyler Bozak wins face-off versus Bobby Ryan in Sharks zone.
19:16 of 3rd period - Shot by Tyler Bozak.
19:16 of 3rd period - Goal by Tyler Bozak - Sharks : 5 - Wild : 2.
19:17 of 3rd period - Drew Stafford wins face-off versus Mikko Koivu in neutral zone.
19:54 of 3rd period - Shot by Drew Stafford.
19:54 of 3rd period - Shot Misses the Net.
Goals for this period are 2 for Sharks vs 1 for Wild.
Shots for this period are 12 for Sharks vs 7 for Wild.


Output by the SimonT Hockey Simulator (STHS) for Stephane Roy -- Original Page W3C XHTML 1.0 Valid
Hockey Simulator - Hockey Simulation - Hockey Manager